 Dungeon Crawl Stone Soup version 0.21.0-3-g78d12a8 (webtiles) character file.

224 HungrySpirit the Cutter (level 6, 0/55 HPs)
             Began as a Kobold Skald on Jan 13, 2018.
             Succumbed to an orc wizard's poison
             ... on level 4 of the Dungeon.
             The game lasted 00:08:31 (4112 turns).

HungrySpirit the Cutter (Kobold Skald)              Turns: 4112, Time: 00:08:31

Health: 0/55       AC: 23    Str:  8    XL:     6   Next: 20%
Magic:  1/9        EV:  3    Int: 15    God:
Gold:   186        SH:  0    Dex: 16    Spells: 6/9 levels left

rFire    . . .     SeeInvis .   n - +2 dagger (holy)
rCold    . . .     Gourm    .   (shield restricted)
rNeg     + + +     Faith    .   (armour currently unavailable)
rPois    +         Spirit   .   (helmet currently unavailable)
rElec    .         Reflect  .   (cloak currently unavailable)
rCorr    .         Harm     .   (gloves currently unavailable)
MR       .....     NoTele   +   (boots currently unavailable)
Stlth    ++........             (no amulet)
HPRegen  0.18/turn              (no ring)
MPRegen  0.11/turn              (no ring)

@: lethally poisoned (0 -> -6), tree-form
A: small, carnivore
a: no special abilities


You were on level 4 of the Dungeon.
You were completely stuffed.
You were a tree.
You visited 1 branch of the dungeon, and saw 4 of its levels.

You collected 186 gold pieces.

Inventory:

Hand Weapons
 n - a +2 dagger of holy wrath (weapon)
Missiles
 a - a throwing net
 h - 100 stones (quivered)
Armour
 b - a +0 leather armour (melded)
 o - a +0 pair of gloves (melded)
Scrolls
 e - 6 scrolls of identify
 f - a scroll of enchant armour
 j - a scroll of enchant weapon
Books
 c - a book of Battle

   Spells                             Type                      Level
   a - Infusion                       Charms                       1
   b - Shroud of Golubria             Charms/Translocation         2
   c - Song of Slaying                Charms                       2
   d - Spectral Weapon                Hexes/Charms                 3
   e - Regeneration                   Charms/Necromancy            3
Comestibles
 d - 7 rations
 l - 3 chunks of flesh


   Skills:
 + Level 3.1 Fighting
 * Level 4.7 Short Blades
 - Level 0.7 Armour
 * Level 4.3 Dodging
 + Level 2.5 Stealth
 + Level 2.3 Spellcasting
 - Level 3.0 Charms
 + Level 0.3 Necromancy


You had 6 spell levels left.
You knew the following spells:

 Your Spells              Type           Power        Failure   Level  Hunger
b - Regeneration          Chrm/Necr      #.........   32%         3    ###....


Dungeon Overview and Level Annotations

Branches:
Dungeon (4/15)
 Temple: D:4-7

Altars:
Hepliaklqana
Yredelemnul
Zin

Annotations:
D:4 Duvessa


Innate Abilities, Weirdness & Mutations

You are small and have problems with some larger weapons.
You are carnivorous and can eat meat at any time.


Message History

The orc hits you but does no damage.
As you read the scroll labeled RIM UX WULUHOVOGH, it crumbles to dust.
It is a scroll of amnesia.
Your memory of Infusion unravels.
* * * LOW HITPOINT WARNING * * *
You feel sick. The orc hits you but does no damage. x2
Unknown command.
Sorry, you're not good enough to have a special ability.
Casting: Regeneration
Confirm with . or Enter, or press ? or * to list all spells.
You don't have enough magic to cast that spell.
As you read the scroll labeled PEPLAO DOORGHA, it crumbles to dust.
You hear a loud clanging noise!
It was a scroll of noise.
* * * LOW HITPOINT WARNING * * *
You feel sick. The orc barely misses you.
Unknown command.
You completely miss the orc.
The orc is severely wounded.
You die...

*,,,....,,* ##..#
*,,,..o.,,* ###..#####
*,,,.o...,* #........#
*,,,.o..o,* #........#
*,,,......* #...>....#
*,,,......####........#
******#.....##........#
### #####o##........#
#.. #...♣o##........#
#.. #.#########'#####
#.. #.# #.# #..
#.#########.# #..
#.........#.# #..
#########.#.#######..
#.#..........
#.########### #.# #


You could see 2 orcs.

Vanquished Creatures
  Jessica (D:2)
  Terence (D:3)
  2 orc wizards (D:4)
  4 adders
  An ooze (D:3)
  3 worms (D:3)
  A dart slug (D:2)
  3 leopard geckos
  An orc (D:4)
  3 bats
  2 giant cockroaches (D:1)
  9 goblins
  11 hobgoblins
  2 jackals (D:3)
  10 kobolds
  A quokka (D:4)
  A ball python (D:3)
  2 frilled lizards
  5 rats
63 creatures vanquished.

Notes
Turn   | Place    | Note
-------+----------+-------------------------------------------
     0 | D:1      | HungrySpirit the Kobold Skald began the quest for the Orb.
     0 | D:1      | Reached XP level 1. HP: 12/12 MP: 3/3
   233 | D:1      | Reached XP level 2. HP: 15/17 MP: 0/5
   256 | D:1      | You fall through a shaft!
   519 | D:2      | Reached skill level 1 in Stealth
   576 | D:2      | Reached XP level 3. HP: 22/22 MP: 2/6
  1552 | D:2      | Found a glowing silver altar of Zin.
  1552 | D:2      | Found a hazy altar of Hepliaklqana.
  1577 | D:2      | Noticed Jessica
  1582 | D:2      | Killed Jessica
  1582 | D:2      | Reached XP level 4. HP: 7/27 MP: 5/7
  1904 | D:2      | Found a basalt altar of Yredelemnul.
  2253 | D:3      | Noticed Terence
  2547 | D:3      | Killed Terence
  2547 | D:3      | Reached XP level 5. HP: 11/32 MP: 0/8
  3865 | D:4      | Noticed Duvessa
  4017 | D:4      | Learned a level 3 spell: Regeneration
  4089 | D:4      | Reached XP level 6. HP: 19/37 MP: 3/9
  4108 | D:4      | HP: 2/55 [poisoned by an orc wizard]
  4112 | D:4      | Succumbed to an orc wizard's poison

Skill      XL: |  1  2  3  4  5  6 |
---------------+-------------------+-----
Short Blades   | 3 4 |  4.7
Stealth        | 1 2 |  2.5
Dodging        | 3 4 |  4.3
Fighting       | 3 |  3.1
Charms         | 3 |  3.0
Armour         | |  0.7
Spellcasting   | |  2.3
Necromancy     | |  0.3

Action                   |  1- 3 |  4- 6 || total
-------------------------+-------+-------++-------
Melee: Short sword       |    95 |   122 ||   217
       Dagger            |       |    68 ||    68
Throw: Stone             |       |    11 ||    11
 Cast: Infusion          |    12 |    15 ||    27
  Use: Potion            |     1 |     1 ||     2
       Scroll            |       |     5 ||     5
 Stab: Sleeping          |     1 |     2 ||     3
  Eat: Chunk             |     9 |    10 ||    19
Armor: Leather armour    |    15 |    13 ||    28
       Skin              |       |    17 ||    17
Dodge: Dodged            |    57 |   110 ||   167
